 Dungeon Crawl Stone Soup version 0.21.1-1-g345015f (webtiles) character file.

44 inc the Scratcher (level 3, -5/17 HPs)
             Began as a Felid Chaos Knight on Feb 23, 2018.
             Slain by Crazy Yiuf
             ... wielding a +3 quarterstaff of chaos
              (14 damage)
             ... on level 2 of the Dungeon.
             The game lasted 00:03:32 (1330 turns).

inc the Scratcher (Felid Chaos Knight)              Turns: 1330, Time: 00:03:34

Health: -5/17      AC:  1    Str:  8    XL:     3   Next: 41%
Magic:  4/4        EV: 18    Int: 14    God:    Xom [..*...]
Gold:   120        SH:  0    Dex: 15    Spells: 2/2 levels left
                                        Lives:  0   Deaths: 0

rFire    . . .     SeeInvis +     - Unarmed
rCold    . . .     Gourm    .   (shield unavailable)
rNeg     . . .     Faith    .   (armour unavailable)
rPois    .         Spirit   .   (helmet unavailable)
rElec    .         Reflect  .   (cloak unavailable)
rCorr    .         Harm     .   (gloves unavailable)
MR       .....                  (boots unavailable)
Stlth    ++........             (no amulet)
HPRegen  0.05/turn              (no ring)
MPRegen  0.09/turn              (no ring)

@: quick
A: very small, no armour, no weapons or thrown items, stealth, claws 1, fangs 3,
see invisible, carnivore, speed 1, shaggy fur 1, slow metabolism 1, sharp paws
a: Renounce Religion


You were on level 2 of the Dungeon.
You worshipped Xom.
You were a toy of Xom.
You were not hungry.

You visited 1 branch of the dungeon, and saw 2 of its levels.

You collected 120 gold pieces.

Inventory:

Jewellery
 j - an uncursed amulet of regeneration {unknown}
Scrolls
 c - 2 scrolls of fog {unknown}
 d - a scroll of remove curse {unknown}
 g - 2 scrolls of teleportation {unknown}
 h - a scroll of random uselessness {unknown}
 i - a scroll of fear {unknown}
 k - a scroll of magic mapping {unknown}
 l - 2 scrolls of enchant weapon {unknown}
 m - a scroll of noise {unknown}
 n - a scroll of amnesia {unknown}
Potions
 b - a potion of curing
 e - 2 potions of brilliance {unknown}
 f - a potion of lignification {unknown}
Comestibles
 a - 3 rations


   Skills:
 - Level 3.0 Fighting
 - Level 3.2 Dodging
 + Level 4.5 Unarmed Combat


You had 2 spell levels left.
You didn't know any spells.

Dungeon Overview and Level Annotations

Branches:
Dungeon (2/15)

Altars:

Annotations:
D:2 Crazy Yiuf, Terence


Innate Abilities, Weirdness & Mutations

You cannot wear armour.
You are incapable of wielding weapons or throwing items.
Your paws allow you to move quietly. (Stealth)
You have sharp claws.
You have razor-sharp teeth.
You have supernaturally acute eyesight. (SInv)
You are carnivorous and can eat meat at any time.
You cover ground quickly.
You are covered in fur. (AC +1)
You have a slow metabolism.
Your sharp claws are effective at attacking unaware monsters.


Message History

Crazy Yiuf drinks a potion.
Crazy Yiuf seems to speed up.
Found four maces.
There is an open door here.
Crazy Yiuf says, "Powder light childish!"
Crazy Yiuf hits you with a quarterstaff of chaos!
Crazy Yiuf freezes you.
You scratch Crazy Yiuf.
Crazy Yiuf is moderately wounded.
Crazy Yiuf misses you.
You barely miss Crazy Yiuf. Your bite misses Crazy Yiuf.
Crazy Yiuf is moderately wounded.
Crazy Yiuf says, "Everyone has the same god; only people differ."
Crazy Yiuf closely misses you.
You scratch Crazy Yiuf.
Crazy Yiuf is moderately wounded.
Crazy Yiuf barely misses you.
Crazy Yiuf hits you with a quarterstaff of chaos!
Ouch! That really hurt!
You die...
Xom thinks this is hilarious!

#####
#)..#
#.g)#
#.@)#
##§##
###
♣§♣♣
..#
♣♣§♣
..#
♣§♣♣
..#
♣♣§♣
..#
♣♣§♣♣
###
♣♣P§.♣
#####
♣P.§.♣


You could see Crazy Yiuf.

Vanquished Creatures
  A dart slug (D:1)
  2 leopard geckos
  2 giant cockroaches (D:1)
  3 goblins (D:1)
  2 hobgoblins (D:1)
  8 jackals (D:1)
  A ball python (D:1)
  5 bats (D:1)
  3 frilled lizards (D:1)
  6 kobolds
  2 rats (D:1)
35 creatures vanquished.

Notes
Turn   | Place    | Note
-------+----------+-------------------------------------------
     0 | D:1      | inc the Felid Chaos Knight began the quest for the Orb.
     0 | D:1      | Reached XP level 1. HP: 10/10 MP: 2/2
    76 | D:1      | XOM: divination: detect items
    97 | D:1      | Reached XP level 2. HP: 10/14 MP: 3/3
   109 | D:1      | XOM: blink monster(s)
   339 | D:1      | Reached skill level 4 in Unarmed Combat
   378 | D:1      | XOM: enchant monster (good)
   423 | D:1      | Reached XP level 3. HP: 4/17 MP: 4/4
   557 | D:1      | XOM: noise
   585 | D:1      | XOM: butterfly on damage
   589 | D:2      | Noticed Terence
   869 | D:1      | XOM: medium Pois miscast
   928 | D:1      | XOM: cloud trail
  1315 | D:2      | XOM: cloud trail
  1321 | D:2      | Found a runed door.
  1325 | D:2      | Noticed Crazy Yiuf
  1330 | D:2      | Slain by Crazy Yiuf

Skill      XL: |  1  2 |
---------------+-------+-----
Unarmed Combat | 4 |  4.5
Fighting       | |  3.0
Dodging        | |  3.2

Action                   || total
-------------------------++-------
Melee: Unarmed           ||   100
       Bite              ||     5
  Use: Potion            ||     1
 Stab: Sleeping          ||     1
  Eat: Chunk             ||     3
Armor: Skin              ||     7
Dodge: Dodged            ||   109
